 Dungeon Sprint DCSS version 0.29.1-2-gbd0b4ee654 (webtiles) character file.

Game seed: 7383205116083910874

4510 Zeld the Severer (level 10, 0/151 HPs)
             Began as a Minotaur Berserker on Oct 27, 2022.
             Was a High Priest of Trog.
             Splashed by a jelly's acid (5 damage)
             ... in the Dungeon (Sprint I: "Red Sonja").
             The game lasted 00:03:30 (2895 turns).

Zeld the Severer (Minotaur Berserker)               Turns: 2895, Time: 00:03:31

Health: 0/151      AC: -10   Str: 25    XL:     10   Next: 16%
Magic:  9/9        EV: 14    Int:  4    God:    Trog [*****.]
Gold:   254        SH:  5    Dex: 11    Spells: 9/9 levels left

rFire   . . .      SeeInvis .   a - +0 hand axe
rCold   . . .      Faith    .   (no shield)
rNeg    . . .      Spirit   .   b - +0 scale mail
rPois   .          Reflect  +   (helmet restricted)
rElec   .          Harm     .   (no cloak)
rCorr   .          Rampage  .   (no gloves)
Will    .....      NoTele   +   (no boots)
Stlth   ..........              l - amulet of reflection
HPRegen 0.35/turn               (no ring)
MPRegen 0.11/turn               (no ring)

@: berserking (expiring), corroded, very quick
A: horns 2, retaliatory headbutt
a: Renounce Religion, Berserk, Trog's Hand, Brothers in Arms


You were in the Dungeon.
You worshipped Trog.
Trog was extremely pleased with you.
You visited 1 branch You collected 1046 gold pieces.
You spent 792 gold pieces at shops.

Inventory:

Hand Weapons
 a - a +0 hand axe (weapon)
Armour
 b - a +0 scale mail (worn)
Jewellery
 l - an amulet of reflection (around neck)
Wands
 i - a wand of paralysis (20)
Scrolls
 h - 7 scrolls of blinking
 n - 3 scrolls of identify
Potions
 c - 3 potions of curing
 d - a potion of heal wounds
 e - 2 potions of haste
 f - 2 potions of magic
 g - a potion of berserk rage
 j - a potion of might {unknown}
 k - a potion of brilliance {unknown}
 m - a potion of attraction {unknown}


   Skills:
 + Level 13.4 Fighting
 * Level 18.2 Axes
 + Level 13.2 Armour
 + Level 12.1 Dodging


You had 9 spell levels left.
You didn't know any spells.
Your spell library was empty.

Dungeon Overview and Level Annotations

Branches:
Dungeon (1/1)

Altars:
Cheibriados
Dithmenos
Elyvilon
Fedhas
Gozag
Hepliaklqana
Kikubaaqudgha
Makhleb
Nemelex Xobeh
Okawaru
Qazlal
Ru
Sif Muna
Trog
Uskayaw
Vehumet
Wu Jian
Xom
Yredelemnul
Zin
The Shining One
Jiyva
Lugonu

Shops:
D ?=[


Innate Abilities, Weirdness & Mutations

You have a pair of horns on your head.
You reflexively headbutt those who attack you in melee.


Message History

You hit the jelly but do no damage. The acid corrodes you!
Your hands burn!
* * * LOW HITPOINT WARNING * * *
You headbutt the jelly!
The jelly is almost dead.
You completely miss the jelly.
The jelly is almost dead.
You slash the jelly!
You kill the jelly!
Trog accepts your kill.
You hit the jelly.
Your hands burn!
* * * LOW HITPOINT WARNING * * *
You headbutt the jelly.
The jelly is severely wounded.
You slash the jelly!
You kill the jelly!
Trog accepts your kill.
You slash the jelly!
Your hands burn!
* * * LOW HITPOINT WARNING * * *
You headbutt the jelly, but do no damage.
The jelly is heavily wounded.
The jelly hits you.
* * * LOW HITPOINT WARNING * * *
You are splashed with acid!
* * * LOW HITPOINT WARNING * * *
You hit the jelly but do no damage.
Your hands burn!
* * * LOW HITPOINT WARNING * * *
The jelly is heavily wounded.
Unknown command.
You hit the jelly but do no damage.
Your hands burn!
* * * LOW HITPOINT WARNING * * *
The jelly is heavily wounded.
The jelly misses you.
Unknown command.
You hit the jelly but do no damage.
Your hands burn!
* * * LOW HITPOINT WARNING * * *
You headbutt the jelly, but do no damage.
The jelly is heavily wounded.
Unknown command.
You hit the jelly.
Your hands burn!
You die...

.'..)_#~~§§§#§§#
##_.#'##'#####'###
###'#.#.([[###.'.#
###.####'###.###.#
.'...'.....'.∩##.#
##...###########.#
###.### #.#
#.#'#.# +.#
#.....#+++######@#
#.....#.....JJ§#J#
#######.....J§#§J#
.......~####
......~~#
....~~~## .~~~~##
#####


You could see 2 jellies.

Vanquished Creatures
  2 centaur warriors (D)
  Sonja (D)
  A deep troll (D)
  An oklob plant (D)
  2 kobold demonologists (D)
  A hornet (D)
  A slime creature (D)
  Sigmund (D)
  A yak (D)
  2 redbacks (D)
  2 floating eyes (D)
  An ogre (D)
  6 jellies (D)
  Ijyb (D)
23 creatures vanquished.

Vanquished Creatures (others)
  2 ballistomycete spores (D)
2 creatures vanquished.

Grand Total: 25 creatures vanquished

Notes
Turn   | Place    | Note
-------+----------+-------------------------------------------
     0 | D        | Zeld the Minotaur Berserker began the quest for the Orb.
     0 | D        | Reached XP level 1. HP: 19/19 MP: 0/0
     2 | D        | Noticed Ijyb
     6 | D        | Killed Ijyb
     7 | D        | Reached skill level 5 in Axes
     7 | D        | Reached XP level 2. HP: 28/28 MP: 1/1
   256 | D        | Noticed an ogre
   264 | D        | Killed an ogre
   265 | D        | Reached skill level 7 in Axes
   265 | D        | Reached skill level 5 in Armour
   265 | D        | Reached XP level 3. HP: 25/37 MP: 2/2
   265 | D        | Reached XP level 4. HP: 31/44 MP: 3/3
   527 | D        | Noticed Sigmund
   539 | D        | Killed Sigmund
   539 | D        | Reached ** piety under Trog
   540 | D        | Reached skill level 10 in Axes
   540 | D        | Reached XP level 5. HP: 52/52 MP: 4/4
   540 | D        | Reached XP level 6. HP: 60/60 MP: 5/5
   800 | D        | Found a burning altar of Makhleb.
   800 | D        | Found a viscous altar of Jiyva.
   800 | D        | Found a shimmering altar of Xom.
   800 | D        | Found a corrupted altar of Lugonu.
   800 | D        | Noticed a slime creature
   804 | D        | Killed a slime creature
   805 | D        | Reached skill level 11 in Axes
   933 | D        | Noticed a kobold demonologist
   933 | D        | Noticed a floating eye
   933 | D        | Noticed a kobold demonologist
   935 | D        | Noticed a sun demon
   936 | D        | Killed a floating eye
   937 | D        | Reached skill level 12 in Axes
   937 | D        | Reached XP level 7. HP: 70/70 MP: 6/6
   938 | D        | Noticed a red devil
   942 | D        | Killed a kobold demonologist
   942 | D        | Reached *** piety under Trog
   943 | D        | Reached skill level 13 in Axes
   946 | D        | Killed a kobold demonologist
   947 | D        | Reached skill level 10 in Fighting
   947 | D        | Reached XP level 8. HP: 49/79 MP: 7/7
  1242 | D        | Found an ornate altar of the Wu Jian Council.
  1242 | D        | Found a shimmering blue altar of Sif Muna.
  1245 | D        | Found a radiant altar of Vehumet.
  1367 | D        | Found Ynebb's Jewellery Emporium.
  1367 | D        | Found an ancient bone altar of Kikubaaqudgha.
  1367 | D        | Found a hazy altar of Hepliaklqana.
  1367 | D        | Found a hide-covered altar of Uskayaw.
  1367 | D        | Found a basalt altar of Yredelemnul.
  1367 | D        | Found an opulent altar of Gozag.
  1367 | D        | Found a snail-covered altar of Cheibriados.
  1367 | D        | Found a sacrificial altar of Ru.
  1367 | D        | Found a shadowy altar of Dithmenos.
  1368 | D        | Found a stormy altar of Qazlal.
  1368 | D        | Found a blossoming altar of Fedhas.
  1368 | D        | Found a bloodstained altar of Trog.
  1368 | D        | Found an iron altar of Okawaru.
  1368 | D        | Found a glowing golden altar of the Shining One.
  1368 | D        | Found a glowing silver altar of Zin.
  1368 | D        | Found a white marble altar of Elyvilon.
  1375 | D        | Reached skill level 14 in Axes
  1375 | D        | Reached skill level 10 in Armour
  1376 | D        | Found a sparkling altar of Nemelex Xobeh.
  1412 | D        | Bought an amulet of reflection for 360 gold pieces
  1490 | D        | Noticed Sonja
  1495 | D        | Killed Sonja
  1495 | D        | Reached **** piety under Trog
  1496 | D        | Reached skill level 15 in Axes
  1496 | D        | Reached skill level 10 in Dodging
  1744 | D        | Found Gidwafe's Magic Scroll Boutique.
  1752 | D        | Bought 3 scrolls of blinking for 270 gold pieces
  1752 | D        | Bought a scroll of identify for 24 gold pieces
  1752 | D        | Bought a scroll of identify for 24 gold pieces
  1752 | D        | Bought a scroll of identify for 24 gold pieces
  1764 | D        | Noticed a deep troll
  1775 | D        | Killed a deep troll
  1776 | D        | Reached XP level 9. HP: 90/90 MP: 8/8
  1801 | D        | Found Zociu's Armour Emporium.
  1865 | D        | Bought a scroll of blinking for 90 gold pieces
  1883 | D        | Noticed a centaur warrior
  1884 | D        | Noticed a centaur warrior
  1890 | D        | Killed a centaur warrior
  1891 | D        | Reached skill level 16 in Axes
  1895 | D        | Killed a centaur warrior
  1896 | D        | Reached skill level 17 in Axes
  2230 | D        | Noticed an oklob plant
  2455 | D        | Killed an oklob plant
  2456 | D        | Reached XP level 10. HP: 54/101 MP: 9/9
  2817 | D        | Reached ***** piety under Trog
  2824 | D        | Reached skill level 18 in Axes
  2864 | D        | Paralysed by a floating eye for 3 turns
  2876 | D        | Received a gift from Trog
  2893 | D        | HP: 7/151 [acid (2)]
  2895 | D        | Splashed by a jelly's acid

Illustrated notes

Levels and vault maps discovered:
D:        dungeon_sprint_1 [red_sonja_temple_1, red_sonja_temple_small_1]

Skill      XL: |  1  2  3  4  5  6  7  8  9 10 |
---------------+-------------------------------+-----
Fighting       | 4 6 7 9 10 11 13 | 13.4
Axes           | 5 7 10 12 13 15 17 18 | 18.2
Armour         | 3 5 7 8 9 11 12 13 | 13.2
Dodging        | 3 4 6 7 9 10 11 12 | 12.1

Action                   |  1- 3 |  4- 6 |  7- 9 | 10-12 || total
-------------------------+-------+-------+-------+-------++-------
Melee: Hand axe          |     9 |    15 |    56 |    26 ||   106
       Headbutt          |     1 |     3 |    15 |    11 ||    30
       Punch             |       |       |     2 |       ||     2
Invok: Berserk           |     2 |     3 |     5 |     1 ||    11
Evoke: Wand              |       |       |     1 |       ||     1
 Stab: Paralysed         |       |       |     3 |       ||     3
Armor: Animal skin       |       |       |     3 |       ||     3
       Scale mail        |       |       |    10 |     2 ||    12
Dodge: Dodged            |     4 |     5 |    19 |    10 ||    38
Block: Other             |       |       |     8 |     1 ||     9
       Reflection        |       |       |     1 |       ||     1
